 Dungeon Crawl Stone Soup version 0.31.0-32-g396128a36d (webtiles) character file.

Game seed: 10072526513390986594

649 AdnanSaban the Cudgeller (level 7, -17/44 HPs)
             Began as a Gargoyle Fighter on Apr 15, 2024.
             Demolished by an ogre
             ... wielding a +0 giant club
              (22 damage)
             ... on level 5 of the Dungeon.
             The game lasted 00:03:54 (4370 turns).

AdnanSaban the Cudgeller (Gargoyle Fighter)         Turns: 4370, Time: 00:03:55

Health: -17/44     AC: 15    Str: 22    XL:     7   Next: 53%
Magic:  7/7        EV:  8    Int:  8    God:
Gold:   359        SH:  4    Dex:  9    Spells: 6/6 levels left

rFire   . . .        a - +0 flail
rCold   . . .        c - +0 buckler
rNeg    + . .        s - +0 chain mail
rPois   ∞            (no helmet)
rElec   +            (no cloak)
rCorr   .            f - +0 pair of gloves
SInv    +            (no boots)
Will    .....        (no amulet) Stlth
                     l - ring of see invisible
HPRegen 0.27/turn    (no ring)
MPRegen 0.10/turn

%: no passive effects
@: no status effects
A: sickness immunity, AC +4, negative energy resistance 1, electricity
resistance, torment resistance 1, petrification resistance
a: no special abilities


You were on level 5 of the Dungeon.
You visited 1 branch of the dungeon, and saw 5 of its levels.
You also visited: Ossuary.

You collected 359 gold pieces.

Inventory:

Hand Weapons
 a - a +0 flail (weapon)
Missiles
 r - 2 poisoned darts (quivered)
 E - 6 atropa-tipped darts
Armour
 c - a +0 buckler (worn)
 f - a +0 pair of gloves (worn)
 s - a +0 chain mail (worn)
 D - a +0 tower shield
Jewellery
 l - a ring of see invisible (left hand)
Wands
 q - a wand of paralysis (17)
Scrolls
 e - 2 scrolls of immolation {unknown}
 h - a scroll of torment {unknown}
 i - 3 scrolls of poison {unknown}
 j - 3 scrolls of enchant weapon {unknown}
 k - 5 scrolls of identify {unknown}
 n - a scroll of fear {unknown}
 o - a scroll of brand weapon {unknown}
 p - 7 scrolls of teleportation {unknown}
 x - a scroll of noise {unknown}
 y - a scroll of blinking {unknown}
 z - 2 scrolls of amnesia {unknown}
 B - a scroll of revelation {unknown}
Potions
 b - a potion of mutation {unknown}
 d - 2 potions of might
 g - a potion of berserk rage {unknown}
 m - 5 potions of heal wounds {unknown}
 t - a potion of cancellation {unknown}
 u - a potion of resistance {unknown}
 v - a potion of curing {unknown}
 w - 2 potions of enlightenment {unknown}
 A - a potion of experience {unknown}
 C - a potion of haste {unknown}


   Skills:
 + Level 5.0 Fighting
 + Level 5.5 Maces & Flails
 + Level 4.5 Armour
 + Level 1.5 Dodging
 + Level 0.4 Stealth
 + Level 4.6 Shields


You had 6 spell levels left.
You didn't know any spells.
Your spell library contained the following spells:

 Spells                   Type           Power      Damage    Failure   Level
 Mercury Vapours          Alch/Air       0%         N/A       99%         2
 Hailstorm                Conj/Ice       0%         3d5       100%        3
 Mephitic Cloud           Conj/Alch/Air  0%         N/A       100%        3
 Summon Ice Beast         Ice/Summ       0%         N/A       100%        3
 Anguish                  Hex/Necr       0%         N/A       100%        4
 Cause Fear               Hex            0%         N/A       100%        4
 Olgreb's Toxic Radiance  Alch           0%         N/A       100%        4
 Freezing Cloud           Conj/Ice/Air   0%         6-21      100%        5
 Sculpt Simulacrum        Ice/Alch       0%         N/A       100%        6
 Enfeeble                 Hex            0%         N/A       100%        7
 Ozocubu's Refrigeration  Ice            0%         4d7       100%        7
 Discord                  Hex            0%         N/A       100%        8


Dungeon Overview and Level Annotations

Branches:
Dungeon (5/15)             Temple (0/1) D:4         Ossuary (visited)

Altars:
Ashenzari
Dithmenos
Hepliaklqana
Kikubaaqudgha
Makhleb
Qazlal
Ru
Sif Muna
Wu Jian
Zin


Innate Abilities, Weirdness & Mutations

You are immune to sickness and miasma.
Your stone body is resilient. (AC +4)
You are immune to poison.
You resist negative energy. (rN+)
You are resistant to electric shocks. (rElec)
You are resistant to unholy torment.
You are immune to petrification.


Message History

You kill the adder!
No target in view!
No target in view!
No target in view!
No target in view!
No target in view!
No target in view!
No target in view!
No target in view!
No target in view!
No target in view!
No target in view!
No target in view!
No target in view!
No target in view!
No target in view!
No target in view!
No target in view!
No target in view!
m - 5 bubbling orange potions (gained 1)
You now have 359 gold pieces (gained 12).
An ogre comes into view. It is wielding a +0 giant club.
An ogre is nearby!
An ogre is nearby!
You thump the ogre!
The ogre is moderately wounded.
The ogre hits you with a +0 giant club!!
You barely miss the ogre.
The ogre is moderately wounded.
You barely miss the ogre.
The ogre is moderately wounded.
The ogre hits you with a +0 giant club!
You are too injured to fight recklessly!
You are too injured to fight recklessly!
The ogre attacks as it pursues you! The ogre hits you with a +0 giant club!
* * * LOW HITPOINT WARNING * * *
The ogre attacks as it pursues you!
The ogre hits you with a +0 giant club!!
Ouch! That really hurt!
You die...

..# #####.# #...#.#
#.#.#.######
#.#.#.#....# #
#.#.#.#.##.#
##.#........#.#
#......#.#..#.# .#
.........O@....#.#
.#
..##..#####....#.#
.# +#+# #..
#....#.# .# .....
#. #.#....#.# .#
.... ##
#.#....#.########
.#...
#.#.#..###........#
.#.#
#.#.#....#..#####.#
...# #.#.##.#.#..#
.###.#
#.#.##.#.#..#


You could see an ogre.

Vanquished Creatures
  A scorpion (D:4)
  2 wights (Ossuary)
  3 spectral scorpions (Ossuary)
  A hound (D:4)
  A centaur skeleton (Ossuary)
  An iguana (D:5)
  A crocodile zombie (Ossuary)
  7 mummies (Ossuary)
  A gnoll (D:4)
  8 adders
  A dart slug (D:5)
  A ribbon worm (D:3)
  8 orcs
  10 ball pythons
  9 endoplasms
  4 giant cockroaches
  9 goblins
  11 hobgoblins
  9 kobolds
  4 quokkas
  4 bats (D:1)
  3 frilled lizards
  3 gnoll skeletons (Ossuary)
  3 kobold skeletons (Ossuary)
  An orc skeleton (Ossuary)
  6 rats
  10 spectral rats (Ossuary)
122 creatures vanquished.

Notes
Turn   | Place    | Note
-------+----------+-------------------------------------------
     0 | D:1      | AdnanSaban the Gargoyle Fighter began the quest for the
                  | Orb.
     0 | D:1      | Reached XP level 1. HP: 14/14 MP: 1/1
   135 | D:1      | Reached XP level 2. HP: 18/19 MP: 2/2
   428 | D:1      | Reached XP level 3. HP: 23/23 MP: 3/3
  1629 | D:3      | Found a stormy altar of Qazlal.
  1629 | D:3      | Found a hazy altar of Hepliaklqana.
  1665 | D:3      | Found an ancient bone altar of Kikubaaqudgha.
  1665 | D:3      | Found a sacrificial altar of Ru.
  1667 | D:3      | Found a glowing silver altar of Zin.
  1667 | D:3      | Found a shimmering blue altar of Sif Muna.
  1680 | D:3      | Reached XP level 4. HP: 29/29 MP: 4/4
  1881 | D:3      | Found a shadowy altar of Dithmenos.
  2159 | D:4      | Noticed a scorpion
  2204 | D:4      | Found a sand-covered staircase.
  2216 | Ossuary  | Entered an ossuary
  2258 | Ossuary  | Reached XP level 5. HP: 21/33 MP: 5/5
  2353 | Ossuary  | Reached XP level 6. HP: 37/38 MP: 6/6
  2461 | Ossuary  | Reached skill level 1 in Dodging
  2863 | Ossuary  | Reached skill level 5 in Maces & Flails
  2863 | Ossuary  | Reached XP level 7. HP: 41/44 MP: 7/7
  3173 | D:4      | Found a staircase to the Ecumenical Temple.
  3213 | D:4      | Found an ornate altar of the Wu Jian Council.
  3279 | D:4      | Found a broken altar of Ashenzari.
  3992 | D:5      | Entered Level 5 of the Dungeon
  4067 | D:5      | Reached skill level 5 in Fighting
  4292 | D:5      | Found a burning altar of Makhleb.
  4370 | D:5      | Demolished by an ogre

Illustrated notes

Levels and vault maps discovered:
D:1:      hellmonk_arrival_library, layout_loops_cross
D:2:      layout_basic, chequers_garden
D:3:      layout_rooms, mainiacjoe_overflow_24_doors, grunt_temple_overflow_open
D:4:      minmay_recursive_quarters, layout_basic,
          nicolae_overflow_hidden_temple, mainiacjoe_overflow_brackets,
          minmay_temple_entry_waves, nicolae_ossuary_entry_ruins,
          minmay_three_crescents
D:5:      layout_basic, mainiacjoe_overflow_boulevard,
          mainiacjoe_overflow_alcove_2, serial_shops, shop

Skill      XL: |  1  2  3  4  5  6  7 |
---------------+----------------------+-----
Shields        | 4 |  4.6
Fighting       | 4 5 |  5.0
Maces & Flails | 3 5 |  5.5
Armour         | 4 |  4.5
Dodging        | 1 |  1.5
Stealth        | |  0.4

Action                     |  1- 3 |  4- 6 |  7- 9 || total
---------------------------+-------+-------+-------++-------
  Melee: Flail             |   124 |   180 |   131 ||   435
 Armour: Scale mail        |   119 |       |       ||   119
         Chain mail        |     3 |   113 |   105 ||   221
  Dodge: Dodged            |    86 |    68 |    51 ||   205
  Block: Buckler           |    33 |    39 |    26 ||    98
